 Dungeon Crawl Stone Soup version 0.26.0-18-gc5c842f807 (webtiles) character file.

Game seed: 11866180387378550251

53 thiole the Sneak (level 3, -6/21 HPs)
             Began as an Octopode Hedge Wizard on Jan 23, 2021.
             Mangled by a gnoll
             ... wielding a +0 flail
              (13 damage)
             ... on level 2 of the Dungeon.
             The game lasted 00:02:07 (1564 turns).

thiole the Sneak (Octopode Hedge Wizard)            Turns: 1564, Time: 00:02:08

Health: -6/21      AC:  1    Str:  9    XL:     3   Next: 87%
Magic:  0/7        EV: 13    Int: 17    God:
Gold:   117        SH:  0    Dex: 11    Spells: 0/8 levels left

rFire    . . .     SeeInvis .   a - +0 dagger
rCold    . . .     Faith    .   (no shield)
rNeg     . . .     Spirit   .   b - +0 hat
rPois    .         Reflect  .   (no amulet)
rElec    .         Harm     .   (no ring)
rCorr    .         Rampage  .   (no ring)
Will     .....                  (no ring)
Stlth    +++.......             (no ring)
HPRegen  0.07/turn              (no ring)
MPRegen  0.10/turn              (no ring)
                                (no ring)
                                (no ring)

@: no status effects
A: almost no armour, stealthy swim, amphibious, 8 rings, constrict 8, camouflage
1, gelatinous body 1
a: no special abilities


You were on level 2 of the Dungeon.
You visited 1 branch of the dungeon, and saw 2 of its levels.

You collected 117 gold pieces.

Inventory:

Hand Weapons
 a - a +0 dagger (weapon)
Armour
 b - a +0 hat (worn)
Jewellery
 i - an uncursed ring of see invisible {unknown}
Scrolls
 e - a scroll of fog {unknown}
 f - 5 scrolls of identify {unknown}
 g - 2 scrolls of random uselessness {unknown}
 h - a scroll of amnesia {unknown}
Potions
 c - a potion of lignification {unknown}
 d - 2 potions of curing {unknown}


   Skills:
 - Level 2.0 Dodging
 + Level 3.7 Stealth
 + Level 3.3 Spellcasting
 - Level 2.0 Conjurations
 - Level 2.0 Summonings
 - Level 1.0 Translocations


You couldn't memorise any spells.
You knew the following spells:

 Your Spells              Type           Power        Failure   Level
a - Magic Dart            Conj           36%          8%          1
b - Call Imp              Summ           9%           12%         2
c - Blink                 Tloc           N/A          17%         2
d - Mephitic Cloud        Conj/Pois/Air  5%           36%         3

Your spell library contained the following spells:

 Spells                   Type           Power        Failure   Level
 Slow                     Hex            2%           26%         2
 Conjure Flame            Conj/Fire      6%           34%         3


Dungeon Overview and Level Annotations

Branches:
Dungeon (2/15)

Altars:


Innate Abilities, Weirdness & Mutations

You cannot wear most types of armour.
You are very stealthy in the water. (Stealth+)
You are amphibious.
You can wear up to eight rings at the same time.
You can use your tentacles to constrict eight enemies at once.
Your skin changes colour to match your surroundings (Stealth+).
Your rubbery body absorbs attacks. (AC +1, EV +1)


Message History

Your crimson imp disappears in a puff of smoke!
You see here a leopard gecko corpse.
You start resting.
A gnoll comes into view. It is wielding a +0 flail.
Casting: Call Imp (safe; 12% risk of failure)
Confirm with . or Enter, or press ? or * to list all spells.
A beastly little devil appears in a puff of frigid air.
The gnoll shouts!
Casting: Call Imp (safe; 12% risk of failure)
Confirm with . or Enter, or press ? or * to list all spells.
A beastly little devil appears in a puff of frigid air.
Something hits your white imp!
Your white imp dies!
Your white imp barely misses the gnoll.
You hit the gnoll. You grab the gnoll.
The gnoll is lightly wounded.
You constrict the gnoll, but do no damage.
The gnoll hits you with a +0 flail!
Ouch! That really hurt!
You die...

# . #. . .###.
...#######
#.......#.#
#######.†.......#
.........†......#
........g5##.....
........#@# ...
#########.## ...
#..# ..# ##.# ..#
#.## #.# ..) #..#
#.# ...
##.###.##..
#..##.##.#
##.##'##.#######


You could see a gnoll and a friendly white imp (summoned).

Vanquished Creatures
  An ooze (D:2)
  A dart slug (D:2)
  3 leopard geckos
  7 bats (D:1)
  A giant cockroach (D:1)
  5 goblins (D:1)
  4 hobgoblins (D:1)
  3 jackals (D:2)
  A frilled lizard (D:1)
  3 rats (D:1)
29 creatures vanquished.

Vanquished Creatures (collateral kills)
  An adder (D:2)
  An ooze (D:2)
2 creatures vanquished.

Grand Total: 31 creatures vanquished

Notes
Turn   | Place    | Note
-------+----------+-------------------------------------------
     0 | D:1      | thiole the Octopode Hedge Wizard began the quest for the
                  | Orb.
     0 | D:1      | Reached XP level 1. HP: 11/11 MP: 4/4
   116 | D:1      | Reached XP level 2. HP: 17/17 MP: 0/6
   843 | D:1      | Reached XP level 3. HP: 21/21 MP: 4/7
  1360 | D:1      | Learned a level 2 spell: Call Imp
  1363 | D:1      | Learned a level 2 spell: Blink
  1367 | D:1      | Learned a level 3 spell: Mephitic Cloud
  1564 | D:2      | Mangled by a gnoll

Illustrated notes

Levels and vault maps discovered:
D:1:      ebering_trefoil_3fold, layout_basic, serial_bayou_pond_d,
          serial_bayou_pond_e, minmay_octomino_c4
D:2:      layout_basic, chequers_temple_overflow_minitemple

Skill      XL: |  1  2  3 |
---------------+----------+-----
Stealth        | 3 |  3.7
Summonings     | 2 |  2.0
Conjurations   | 2 |  2.0
Dodging        | |  2.0
Spellcasting   | |  3.3
Translocations | |  1.0

Action                   || total
-------------------------++-------
Melee: Dagger            ||    22
       Constrict         ||     8
       Tentacles         ||     6
 Cast: Magic Dart        ||    49
       Call Imp          ||     4
Dodge: Dodged            ||    12
